 Dungeon Crawl Stone Soup version 0.23-a0-642-g3120c2f5a9 (webtiles) character file.

805 twofish the Cutter (level 7, 0/45 HPs)
             Began as an Octopode Wanderer on Dec 31, 2018.
             Was a Priest of Elyvilon.
             Slain by an ice beast (11 damage)
             ... on level 7 of the Dungeon.
             The game lasted 00:12:26 (7117 turns).

twofish the Cutter (Octopode Wanderer)              Turns: 7117, Time: 00:12:27

Health: 0/45       AC:  1    Str: 14    XL:     7   Next: 91%
Magic:  9/10       EV: 16    Int: 14    God:    Elyvilon [***...]
Gold:   269        SH:  0    Dex: 15    Spells: 9/10 levels left

rFire    . . .     SeeInvis .   n - +2 dagger (venom)
rCold    . . .     Gourm    .   (no shield)
rNeg     . . .     Faith    .   (helmet restricted)
rPois    .         Spirit   .   q - amulet of magic regeneration
rElec    .         Reflect  .   j - +4 ring of strength
rCorr    .         Harm     .   (no ring)
MR       .....                  (no ring)
Stlth    +++.......             (no ring)
HPRegen  0.15/turn              (no ring)
MPRegen  0.37/turn              (no ring)
                                (no ring)
                                (no ring)

@: no status effects
A: almost no armour, stealthy swim, amphibious, 8 rings, constrict 8, camouflage
1, gelatinous body 1
a: Lesser Healing, Heal Other, Purification, Divine Protection, Renounce
Religion


You were on level 7 of the Dungeon.
You worshipped Elyvilon.
Elyvilon was most pleased with you.
You were not hungry.

You visited 1 branch of the dungeon, and saw 7 of its levels.

You collected 269 gold pieces.

Inventory:

Hand Weapons
 n - a +2 dagger of venom (weapon)
 v - a +0 trident
 E - a +0 falchion
Missiles
 e - 105 arrows
 k - 15 javelins (quivered)
Magical Staves
 C - an uncursed staff of energy {unknown}
Jewellery
 j - a +4 ring of strength (left tentacle)
 q - an amulet of magic regeneration (around mantle)
Wands
 y - a wand of enslavement (10)
 D - a wand of paralysis (8)
Scrolls
 a - 5 scrolls of teleportation
 h - 2 scrolls of immolation {unknown}
 l - 3 scrolls of enchant armour {unknown}
 o - 4 scrolls of remove curse {unknown}
 p - 2 scrolls of blinking {unknown}
 s - 2 scrolls of noise {unknown}
 t - 3 scrolls of enchant weapon
 G - a scroll of amnesia {unknown}
Potions
 m - 3 potions of mutation
 r - 2 potions of invisibility
 u - a potion of flight {unknown}
 w - a potion of heal wounds
 x - 2 potions of ambrosia
 z - a potion of curing {@q1}
 A - a potion of brilliance
 F - a potion of magic {unknown}
Comestibles
 d - 2 rations


   Skills:
 + Level 2.6 Fighting
 - Level 5.4(5.5) Short Blades
 * Level 1.1(3.5) Long Blades
 - Level 0.8 Polearms
 - Level 2.0 Throwing
 * Level 4.7 Dodging
 - Level 1.0 Stealth
 - Level 2.0 Spellcasting
   Level 2.0 Hexes
 - Level 1.0 Fire Magic
   Level 3.6 Poison Magic
 + Level 1.6 Evocations


You had 9 spell levels left.
You knew the following spells:

 Your Spells              Type           Power        Failure   Level  Hunger
a - Flame Tongue          Conj/Fire      #....        19%         1    ##.....

Your spell library contained the following spells:

 Spells                   Type           Power        Failure   Level  Hunger
 Throw Flame              Conj/Fire      #.....       28%         2    ###....
 Corpse Rot               Necr           N/A          34%         2    ###....
 Sublimation of Blood     Necr           #.........   34%         2    ###....
 Inner Flame              Hex/Fire       #.......     36%         3    ####...
 Conjure Flame            Conj/Fire      #.......     50%         3    ####...
 Sticky Flame             Conj/Fire      #.......     88%         4    #####..
 Fireball                 Conj/Fire      #.........   99%         5    ######.


Dungeon Overview and Level Annotations

Branches:
Dungeon (7/15)             Temple (0/1) D:5

Altars:
Cheibriados
Elyvilon
Gozag
Sif Muna
Trog
Wu Jian
Zin
The Shining One

Shops:
D:4 }:[   D:5 =%

Annotations:
D:6 2 transporters


Innate Abilities, Weirdness & Mutations

You cannot wear most types of armour.
You are very stealthy in the water. (Stealth+)
You are amphibious.
You can wear up to eight rings at the same time.
You can use your tentacles to constrict eight enemies at once.
Your skin changes colour to match your surroundings (Stealth+).
Your rubbery body absorbs attacks. (AC +1, EV +1)


Message History

The ice beast looks as sick as possible!
The ice beast hits you. The ice beast freezes you!
You hit the ice beast but do no damage.
The ice beast looks as sick as possible!
Your squeeze misses the ice beast. You hit the ice beast but do no damage.
The ice beast looks as sick as possible!
The ice beast closely misses you.
You hit the ice beast. The ice beast hits you. The ice beast freezes you!
You are too injured to fight recklessly!
You are too injured to fight recklessly!
You are too injured to fight recklessly!
You hit the ice beast but do no damage.
The ice beast looks as sick as possible!
The ice beast hits you. The ice beast freezes you!
* * * LOW HITPOINT WARNING * * *
You are healed.
You feel somewhat more hungry. The ice beast hits you.
* * * LOW HITPOINT WARNING * * *
The ice beast freezes you!
You die...

#. ... #. .. ..
.. .#. ... #S#
#Y# #@# #.# #.#
#.# #.# #.#
#.#########
#.........#
#########<#####.#


You could see an ice beast and an adder.

Vanquished Creatures
  An ogre (D:5)
  A bullfrog (D:6)
  A crimson imp (D:5)
  5 orc priests
  2 bullfrog skeletons
  Natasha (D:4)
  Ijyb (D:4)
  Terence (D:2)
  An iguana (D:3)
  A worker ant (D:4)
  A hound skeleton (D:4)
  8 adders
  4 gnolls (D:2)
  A shadow imp (D:5)
  An ooze (D:3)
  An adder skeleton (D:5)
  5 worms
  3 dart slugs
  7 leopard geckos
  12 orcs
  A giant cockroach (D:2)
  9 goblins
  6 hobgoblins
  21 jackals
  11 kobolds
  A quokka (D:2)
  4 ball pythons
  6 bats
  5 frilled lizards
  A leopard gecko skeleton (D:4)
  A quokka skeleton (D:4)
  10 rats
134 creatures vanquished.

Notes
Turn   | Place    | Note
-------+----------+-------------------------------------------
     0 | D:1      | twofish the Octopode Wanderer began the quest for the Orb.
     0 | D:1      | twofish set off with the following items: a +0 dagger, a
                  | ration; and the following spell memorised: Flame Tongue;
                  | and the following spells available to memorise: Throw
                  | Flame, Corpse Rot, Sublimation of Blood, Inner Flame,
                  | Conjure Flame, Sticky Flame, Fireball
     0 | D:1      | Reached XP level 1. HP: 11/11 MP: 3/3
   346 | D:1      | Reached skill level 1 in Dodging
   346 | D:1      | Reached XP level 2. HP: 16/18 MP: 5/5
   378 | D:1      | Reached skill level 1 in Stealth
  1044 | D:1      | Reached skill level 1 in Fighting
  1044 | D:1      | Reached XP level 3. HP: 23/23 MP: 6/6
  1614 | D:2      | Reached skill level 1 in Short Blades
  1865 | D:2      | HP: 1/23 [kobold/+2 whip of draining (2)]
  1871 | D:2      | Reached XP level 4. HP: 13/28 MP: 7/7
  2162 | D:2      | Noticed Terence
  2440 | D:2      | Killed Terence
  2440 | D:2      | Reached skill level 2 in Short Blades
  2675 | D:2      | Reached XP level 5. HP: 26/34 MP: 8/8
  3209 | D:3      | Reached skill level 3 in Short Blades
  3498 | D:3      | Found a white marble altar of Elyvilon.
  3682 | D:3      | Reached XP level 6. HP: 34/39 MP: 9/9
  3724 | D:3      | Became a worshipper of Elyvilon the Healer
  3844 | D:3      | Found a bloodstained altar of Trog.
  4371 | D:4      | Found Zinor's Book Boutique.
  4459 | D:4      | Reached skill level 4 in Short Blades
  4654 | D:4      | Found Mibly's Gadget Shoppe.
  4749 | D:4      | Found an opulent altar of Gozag.
  4750 | D:4      | Noticed Natasha
  4757 | D:4      | Killed Natasha
  4765 | D:4      | Reached * piety under Elyvilon
  4849 | D:4      | Found Lipnap's Antique Armour Emporium.
  5051 | D:4      | Reached XP level 7. HP: 20/45 MP: 10/10
  5374 | D:4      | Reached skill level 5 in Short Blades
  5432 | D:4      | Noticed Ijyb
  5438 | D:4      | Killed Ijyb
  5583 | D:5      | Entered Level 5 of the Dungeon
  5593 | D:5      | Found a staircase to the Ecumenical Temple.
  5641 | D:5      | Reached skill level 1 in Evocations
  5709 | D:5      | Reached ** piety under Elyvilon
  5718 | D:5      | Found Izoskuawu's Food Shop.
  5850 | D:5      | Found Rinweylle's Jewellery Shoppe.
  6206 | D:5      | Found a glowing silver altar of Zin.
  6264 | D:5      | Found a glowing golden altar of the Shining One.
  6410 | D:6      | Found a transporter.
  6464 | D:6      | Found a snail-covered altar of Cheibriados.
  6478 | D:6      | Reached skill level 1 in Long Blades
  6580 | D:6      | Found an ornate altar of the Wu Jian Council.
  6588 | D:6      | Found a deep blue altar of Sif Muna.
  6696 | D:6      | Found a transporter.
  6700 | D:6      | Noticed a fire bat
  6700 | D:6      | Noticed a fire bat
  7091 | D:7      | Reached *** piety under Elyvilon
  7117 | D:7      | Slain by an ice beast

Vault maps used:
D:1:      saegor_arrival_miasma
D:2:      uniq_terence
D:3:      kennysheep_six_static_rooms, elyvilon_altar_1, trog_hazing_becter
D:4:      grunt_gozag_statues, serial_shops, nicolae_shop_window_shopping,
          nicolae_shop_window_shopping, shop_statue, uniq_ijyb, uniq_natasha
D:5:      marbit_many_paths, tso_altar, minmay_temple_entry_proselytizer,
          serial_shops, shop, nicolae_shop_stone, first_ration
D:6:      gammafunk_cloud_chamber, cheibrodos_worm_habitat, minitemple,
          dk_rats_in_the_wall
D:7:      serial_shops, nicolae_shop_statue_plus, uniq_crazy_yiuf_cottage,
          uniq_harold

Skill      XL: |  1  2  3  4  5  6  7 |
---------------+----------------------+-----
Dodging        | 1 2 3 4 |  4.7
Stealth        | 1 |  1.0
Fighting       | 1 2 |  2.6
Short Blades   | 1 2 3 4 5 |  5.4
Evocations     | 1 |  1.6
Long Blades    | 1 |  1.1
Polearms       | |  0.8
Throwing       | |  2.0
Spellcasting   | |  2.0
Hexes          | |  2.0
Fire Magic     | |  1.0
Poison Magic   | |  3.6

Action                   |  1- 3 |  4- 6 |  7- 9 || total
-------------------------+-------+-------+-------++-------
Melee: Dagger            |    50 |   160 |    78 ||   288
       Constrict         |    17 |    56 |    16 ||    89
       Tentacles         |    13 |    37 |    19 ||    69
       Spear             |    25 |       |       ||    25
 Cast: Flame Tongue      |     2 |       |       ||     2
Invok: Lesser Healing    |       |       |     2 ||     2
  Use: Potion            |     2 |       |       ||     2
       Scroll            |       |     5 |     2 ||     7
 Stab: Sleeping          |     7 |     6 |     6 ||    19
       Invisible         |       |     1 |       ||     1
  Eat: Chunk             |     3 |    10 |     4 ||    17
       Ration            |       |       |     1 ||     1
Armor: Skin              |    10 |     4 |     1 ||    15
Dodge: Dodged            |    50 |    99 |    36 ||   185

Table legend:
 A = Non-vault XP
 B = Vault XP
 C = Vault XP percentage of total XP
 D = Non-vault monster count
 E = Vault monster count
 F = Vault count percentage of total count
                 A         B        C        D         E       F
            +---------+---------+-------+---------+---------+-------
      Total |     956 |     194 |  16.9 |     117 |      17 |  12.7
            +---------+---------+-------+---------+---------+-------
        D:1 |      45 |       0 |   0.0 |      27 |       0 |   0.0
        D:2 |     162 |      36 |  18.2 |      36 |       1 |   2.7
        D:3 |      92 |      40 |  30.3 |      18 |      12 |  40.0
        D:4 |     309 |      73 |  19.1 |      24 |       2 |   7.7
        D:5 |     213 |      40 |  15.8 |      10 |       1 |   9.1
        D:6 |     135 |       5 |   3.6 |       2 |       1 |  33.3
            +---------+---------+-------+---------+---------+-------
